 Dungeon Crawl Stone Soup version 0.22-a0-803-gd6d8abe (webtiles) character file.

411569 Amnesiac the Sorcerer (level 22, -11/141 HPs)
             Began as a Mummy Earth Elementalist on July 22, 2018.
             Was the Champion of Vehumet.
             Mangled by an apocalypse crab (13 damage)
             ... on level 1 of the Abyss.
             The game lasted 02:11:34 (60609 turns).

Amnesiac the Sorcerer (Mummy Earth Elementalist)   Turns: 60609, Time: 02:11:35

Health: -11/141    AC: 19    Str: 15      XL:     22   Next: 47%
Magic:  32/50      EV: 18    Int: 21 (28) God:    Vehumet [******]
Gold:   3492       SH:  0    Dex:  7 (13) Spells: 2/69 levels left

rFire    . . .     SeeInvis +   b - staff of energy
rCold    . . .     Gourm    .   P - +3 buckler {AC+3}
rNeg     + + +     Faith    .   n - +3 robe of Folly {Archmagi, MR-- Int+5}
rPois    ∞         Spirit   .   J - +2 hat {SInv}
rElec    .         Reflect  +   u - +2 cloak {MR+}
rCorr    .         Harm     .   x - +2 pair of gloves {Str+3}
MR       +....                  U - +2 pair of boots
Stlth    +.........             l - brooch of Shielding {Reflect SH+8}
HPRegen  0.33/turn              r - ring of fire
MPRegen  0.32/turn              i - +5 ring of evasion

@: confused, very slightly contaminated, hasted, very quick
A: no food or potions, fire vulnerability, cold resistance 1, negative energy
resistance 3, torment resistance, unbreathing, in touch with death 1
}: 2/15 runes: serpentine, barnacled
a: Renounce Religion


You were on level 1 of the Abyss.
You worshipped Vehumet.
Vehumet was exalted by your worship.
You were not hungry.

You visited 9 branches of the dungeon, and saw 41 of its levels.
You visited the Abyss 1 time.
You also visited: Labyrinth.

You collected 5152 gold pieces.
You spent 1660 gold pieces at shops.

Inventory:

Hand Weapons
 g - the +7 sceptre of Torment
   (You found it on level 2 of the Depths)
 w - a +0 blowgun
Missiles
 d - 1037 stones (quivered)
 I - 13 curare-tipped needles
Armour
 n - the +3 robe of Folly (worn) {Archmagi, MR-- Int+5}
   (You bought it in a shop on level 2 of the Orcish Mines)

   It affects your intelligence (+5).
   It affects your resistance to hostile enchantments.
 u - a +2 cloak of magic resistance (worn)
 x - a +2 pair of gloves of strength (worn)
 J - a +2 hat of see invisible (worn)
 P - a +3 buckler of protection (worn)
 U - a +2 pair of boots (worn)
Magical Staves
 a - an uncursed staff of earth
 b - an uncursed staff of energy (weapon)
Jewellery
 e - the ring of Doubts {+Fly rElec Str+4 Int-3 SInv}
   (You took it off a boggart on level 6 of the Lair of Beasts)

   [ring of flight]

   It affects your strength (+4).
   It affects your intelligence (-3).
   It insulates you from electricity.
   It lets you see invisible.
   It lets you fly.
 i - a +5 ring of evasion (right hand)
 l - the brooch of Shielding (around neck) {Reflect SH+8}
   (You took it off a deep elf sorcerer on level 3 of the Elven Halls)

   [amulet of reflection]

   It shields you and reflects attacks.
   It affects your SH (+8).
 r - a ring of fire (left hand)
 V - an uncursed ring of wizardry
 X - an uncursed amulet of regeneration
Wands
 c - a wand of paralysis (46)
 s - a wand of random effects (62)
 t - a wand of iceblast (13)
 z - a wand of flame (136)
 D - a wand of acid (18)
 G - a wand of digging (51)
 H - a wand of disintegration (30)
 L - a wand of polymorph (36)
 Q - a wand of clouds (3)
Scrolls
 f - 19 scrolls of remove curse {!r}
 h - 5 scrolls of enchant armour {!r}
 j - 18 scrolls of teleportation {!r}
 k - 14 scrolls of identify {!r}
 p - 8 scrolls of magic mapping {!r}
 q - 8 scrolls of amnesia {!r}
 v - 3 scrolls of vulnerability {!r}
 A - 4 scrolls of blinking {!r}
 B - a scroll of summoning {!r}
 C - 7 scrolls of enchant weapon {!r}
 E - 4 scrolls of fog {!r}
 K - 2 scrolls of torment {!r}
 N - a scroll of acquirement {!r}
 S - a scroll of silence {!r}
 T - 3 scrolls of fear {!r}
Potions
 M - 7 potions of lignification {!q}
Miscellaneous
 m - a phial of floods (inert)
 o - a crystal ball of energy
 F - a lightning rod (4/4)


   Skills:
 - Level 4.0 Fighting
 + Level 9.4 Staves
 - Level 4.0 Dodging
 - Level 4.0 Stealth
 - Level 4.0 Shields
 - Level 24.0 Spellcasting
 - Level 4.0 Conjurations
 - Level 4.0 Necromancy
 - Level 0.7 Transmutations
 - Level 24.0 Earth Magic
 + Level 5.5 Evocations


You had 2 spell levels left.
You knew the following spells:

 Your Spells              Type           Power        Failure   Level  Hunger
a - Lehudib's Crystal Sp  Conj/Erth      #######...   9%          8    N/A
b - Passwall              Tmut/Erth      #######.     0%          2    N/A
c - Leda's Liquefaction   Hex/Erth       #######...   1%          4    N/A
d - Lee's Rapid Deconstr  Erth           ########..   0%          5    N/A
e - Shatter               Erth           ########..   2%          9    N/A
f - Sandblast             Erth           ######       0%          1    N/A
g - Bolt of Draining      Conj/Necr      #######...   2%          5    N/A
h - Apportation           Tloc           #####.       1%          1    N/A
i - Passage of Golubria   Tloc           N/A          16%         4    N/A
j - Petrify               Tmut/Erth      #######.     1%          4    N/A
k - Iron Shot             Conj/Erth      #######...   1%          6    N/A
l - Summon Butterflies    Summ           #####...     1%          1    N/A
m - Summon Lightning Spi  Summ/Air       #####...     16%         4    N/A
v - Blink                 Tloc           N/A          2%          2    N/A
w - Borgnjor's Vile Clut  Necr/Erth      ########..   1%          5    N/A
z - Deflect Missiles      Chrm/Air       #####.....   93%         6    N/A

Your spell library contained the following spells:

 Spells                   Type           Power        Failure   Level  Hunger
 Cause Fear               Hex            #####.....   16%         4    N/A
 Magic Dart               Conj           ####         1%          1    N/A
 Conjure Flame            Conj/Fire      ######..     1%          3    N/A
 Bolt of Cold             Conj/Ice       ######....   26%         6    N/A
 Bolt of Magma            Conj/Fire/Erth #######...   1%          5    N/A
 Slow                     Hex            #####...     2%          2    N/A
 Confuse                  Hex            #####...     4%          3    N/A
 Freezing Cloud           Conj/Ice/Air   #####.....   32%         6    N/A
 Mephitic Cloud           Conj/Pois/Air  #####...     1%          3    N/A
 Ring of Flames           Chrm/Fire      ######....   100%        7    N/A
 Venom Bolt               Conj/Pois      ######....   5%          5    N/A
 Teleport Other           Tloc           #####...     4%          3    N/A
 Summon Small Mammal      Summ           ####         1%          1    N/A
 Iskenderun's Mystic Bla  Conj           ######..     1%          4    N/A
 Animate Dead             Necr           N/A          3%          4    N/A
 Pain                     Necr           ####         1%          1    N/A
 Animate Skeleton         Necr           N/A          1%          1    N/A
 Vampiric Draining        Necr           #######...   1%          3    N/A
 Ozocubu's Refrigeration  Ice            #####.....   50%         6    N/A
 Summon Ice Beast         Ice/Summ       #####...     16%         4    N/A
 Call Imp                 Summ           #####...     2%          2    N/A
 Regeneration             Chrm/Necr      ######....   1%          3    N/A
 Stone Arrow              Conj/Erth      ######       0%          3    N/A
 Recall                   Summ/Tloc      N/A          4%          3    N/A
 Spider Form              Tmut/Pois      #####.....   4%          3    N/A
 Statue Form              Tmut/Erth      #######..    1%          6    N/A
 Ice Form                 Ice/Tmut       #####...     13%         4    N/A
 Death Channel            Necr           #######...   41%         6    N/A
 Shadow Creatures         Summ           N/A          93%         6    N/A
 Confusing Touch          Hex            #####.       1%          1    N/A
 Sticks to Snakes         Tmut           #####...     1%          2    N/A
 Call Canine Familiar     Summ           #####...     4%          3    N/A
 Ensorcelled Hibernation  Hex/Ice        #####.       2%          2    N/A
 Metabolic Englaciation   Hex/Ice        #####.....   38%         5    N/A
 Silence                  Hex/Air        #####.....   38%         5    N/A
 Corona                   Hex            #####..      1%          1    N/A
 Alistair's Intoxication  Tmut/Pois      #####...     36%         5    N/A
 Simulacrum               Ice/Necr       ######....   71%         6    N/A
 Portal Projectile        Hex/Tloc       #####.       4%          3    N/A
 Orb of Destruction       Conj           ######....   50%         7    N/A
 Summon Hydra             Summ           #####.....   100%        7    N/A
 Darkness                 Hex            #####.....   93%         6    N/A
 Shroud of Golubria       Chrm/Tloc      #####.....   2%          2    N/A
 Inner Flame              Hex/Fire       ######..     1%          3    N/A
 Iskenderun's Battlesphe  Conj/Chrm      ######..     5%          5    N/A
 Fulminant Prism          Conj/Hex       ######....   1%          4    N/A
 Dazzling Spray           Conj/Hex       ######       1%          3    N/A
 Force Lance              Conj/Tloc      ######..     1%          4    N/A
 Searing Ray              Conj           ######       1%          2    N/A
 Discord                  Hex            #####.....   100%        8    N/A
 Summon Guardian Golem    Hex/Summ       #####...     4%          3    N/A
 Spellforged Servitor     Conj/Summ      ######....   78%         7    N/A
 Summon Mana Viper        Hex/Summ       #####...     38%         5    N/A
 Hydra Form               Tmut           #####.....   87%         6    N/A
 Gell's Gravitas          Tloc           #####.....   4%          3    N/A
 Yara's Violent Unravell  Hex/Tmut       #####.....   11%         5    N/A
 Lesser Beckoning         Tloc           #####.....   4%          3    N/A
 Poisonous Vapours        Pois/Air       #####.       2%          2    N/A

Dungeon Overview and Level Annotations

Branches:
Dungeon (15/15)            Temple (1/1) D:7            Lair (6/6) D:11
 Shoals (4/4) Lair:2        Snake (4/4) Lair:2        Slime (2/5) Lair:6
    Orc (2/2) D:9             Elf (3/3) Orc:2        Vaults (0/5) D:13
 Depths (4/5) D:15

Altars:
Ashenzari
Cheibriados
Dithmenos
Elyvilon
Fedhas
Gozag
Hepliaklqana
Kikubaaqudgha
Makhleb
Nemelex Xobeh
Okawaru
Qazlal
Ru
Sif Muna
Trog
Uskayaw
Vehumet
Wu Jian
Xom
Yredelemnul
Zin
The Shining One
Beogh
Jiyva

Shops:
D:4 !   D:8 %   Orc:2 [((}   Elf:1 (   Snake:4 [   Depths:2 }=}   Depths:4 :

Portals:
Hell: Depths:1 Depths:2 Depths:3 Depths:4
Abyss: Depths:4
Pandemonium: Depths:3
Ziggurat: Depths:1
Trove: Elf:1 (show abyssal rune of Zot)


Innate Abilities, Weirdness & Mutations

You do not eat or drink.
Your flesh is vulnerable to fire.
You are immune to poison.
Your flesh is cold resistant. (rC+)
You are immune to negative energy. (rN+++)
You are immune to unholy pain and torment.
You can survive without breathing.
You are in touch with the powers of death.


Message History

* * * LOW HITPOINT WARNING * * *
You are engulfed in flames!
* * * LOW HITPOINT WARNING * * *
Unknown command.
The apocalypse crab bites you but does no damage.
The apocalypse crab claws you but does no damage.
Unknown command.
You're too confused!
Unknown command.
The apocalypse crab bites you but does no damage.
The apocalypse crab claws you but does no damage.
Unknown command.
You're too confused!
The apocalypse crab misses you. x2
Unknown command.
Press: ? - help, v - describe, . - travel
Here: an apocalypse crab (moderately wounded) Some shallow water.
The apocalypse crab barely misses you. The apocalypse crab misses you.
Unknown command.
Unknown command.
You bump into the metal wall.
The apocalypse crab closely misses you. x2
Unknown command.
The apocalypse crab bites you but does no damage.
The apocalypse crab claws you.
* * * LOW HITPOINT WARNING * * *
You are engulfed in flames!
* * * LOW HITPOINT WARNING * * *
Unknown command.
The apocalypse crab closely misses you. The apocalypse crab claws you.
* * * LOW HITPOINT WARNING * * *
You feel your power leaking away.
Unknown command.
The apocalypse crab breathes chaos at you.
The blast of chaos engulfs you!
The flying skull is engulfed in seething chaos.
The flying skull suddenly stops moving!
You hear a horrible gurgling sound! x3
Unknown command.
You are engulfed in seething chaos.
You feel yourself speed up.
You hear a shout!
The flying skull is engulfed in seething chaos.
The apocalypse crab is engulfed in seething chaos.
The apocalypse crab closely misses you.
The apocalypse crab completely misses you.
You're too confused!
You are engulfed in seething chaos.
The flying skull is engulfed in seething chaos.
You are engulfed in seething chaos.
The flying skull is engulfed in seething chaos.
The apocalypse crab is engulfed in seething chaos.
The apocalypse crab misses you. The apocalypse crab claws you.
* * * LOW HITPOINT WARNING * * *
You bump into the rock wall.
The apocalypse crab misses you.
The apocalypse crab claws you but does no damage.
Unknown command.
You bump into the metal wall.
Unknown command.
You bump into the metal wall.
The apocalypse crab misses you. The apocalypse crab claws you.
* * * LOW HITPOINT WARNING * * *
The apocalypse crab freezes you!
You die...

. †§. . #
. # # # .
§ . #. . #
..#§.#.#.
.. . ##
.### . #
#z#..## ..
.##*
#z##%##
..#5X.##!t
#.z## .G#
##.#.#t##
#.# ..#
#z.G#@# .
. #. .###
. . ## # .
. . ... .
.. . # #
### #. . #
.. # # ..
##


You could see an apocalypse crab and a flying skull (paralysed).

Vanquished Creatures
  2 juggernauts (Depths:4)
  2 greater mummies (Depths:2)
  Sojobo (Depths:3)
  Bai Suzhen (Depths:3)
  Vashnia (Snake:4)
  Xtahua (Depths:3)
  Saint Roka (Orc:2)
  2 caustic shrikes
  An acid blob (Slime:2)
  A titan (Depths:3)
  2 liches (Depths:4)
  3 deep elf blademasters (Elf:3)
  A sphinx (Depths:3)
  A kraken (Shoals:3)
  3 quicksilver dragons
  An Executioner (Abyss:1)
  Gastronok (Lair:2)
  4 tentacled starspawn (Abyss:1)
  2 deep elf master archers (Elf:3)
  4 tengu reavers
  An azure jelly (Lair:6)
  7 nagarajas (Snake:4)
  8 deep elf sorcerers (Elf:3)
  2 fire giants (Depths:4)
  3 balrugs (Abyss:1)
  3 frost giants
  Aizul (Depths:1)
  3 deep elf elementalists (Elf:3)
  The ghost of Xunt the Cruncher, a journeyman NaWz of Kikubaaqudgha (Lair:4)
  A spriggan defender (Depths:4)
  3 stone giants
  6 very ugly things
  The ghost of DrakeDragon the Destroyer, a journeyman DrCj of Sif Muna (Lair:3)
  Nessos (D:14)
  9 deep elf demonologists (Elf:3)
  3 vampire knights
  7 deep elf annihilators
  4 spark wasps (Depths:3)
  9 merfolk impalers
  Snorg (D:14)
  11 merfolk javelineers
  2 deep elf death magi
  2 mummy priests (Depths:2)
  A green death (Abyss:1)
  6 yaktaur captains
  Josephine (Shoals:1)
  4 great orbs of eyes
  6 ettins
  8 deep elf high priests
  25 naga warriors
  2 ice dragons
  2 rakshasas (Depths:1)
  5 vault guards (Elf:1)
  2 alligator snapping turtles
  2 catoblepae
  2 spriggan air magi
  2 hydras (Lair:5)
  7 anacondas
  17 two-headed ogres
  4 merfolk avatars
  6 centaur warriors
  3 merfolk aquamancers
  24 dancing weapons
  14 death yaks
  3 deep troll shamans
  2 vampire magi
  4 ogre magi
  6 deep troll earth magi
  4 satyrs (Shoals:3)
  5 tengu warriors
  Urug (D:15)
  4 shock serpents
  6 hell knights
  A thrashing horror (Abyss:1)
  An orc high priest (Orc:2)
  2 spriggan berserkers
  23 naga sharpshooters
  2 sun demons (Abyss:1)
  Sonja (Lair:2)
  11 deep elf knights
  3 iron trolls
  3 skeletal warriors (D:15)
  3 wretched stars (Abyss:1)
  4 unseen horrors
  10 deep trolls
  5 starcursed masses (Abyss:1)
  15 sea snakes
  8 naga ritualists
  11 deep elf archers
  A glowing orange brain (shapeshifter) (Depths:4)
  2 wizards
  2 phantasmal warriors (Depths:1)
  A glowing orange brain (Depths:4)
  8 large abominations (Abyss:1)
  5 mana vipers
  Pikel (D:6)
  A kraken simulacrum (Shoals:4)
  13 harpies
  6 necromancers
  3 oklob plants
  2 orc knights (Orc:2)
  4 orc sorcerers
  56 deep elf magi
  A stone giant zombie (Depths:2)
  2 shining eyes (Slime:1)
  2 worldbinders (Abyss:1)
  12 cyclopes
  8 manticores
  A sphinx skeleton (Depths:2)
  24 ugly things
  12 fauns
  A rust devil (Abyss:1)
  11 merfolk sirens
  Maurice (D:10)
  2 centaur zombies (D:15)
  7 elephants
  An iron dragon skeleton (Depths:2)
  A water nymph (shapeshifter) (D:13)
  24 black mambas
  7 guardian serpents (Snake:4)
  2 smoke demons (Abyss:1)
  5 water nymphs
  9 spiny frogs
  20 naga magi
  A kobold demonologist (D:15)
  A spiny frog (shapeshifter) (D:13)
  14 yaktaurs
  7 komodo dragons
  3 rime drakes
  A freezing wraith (Abyss:1)
  An ice devil (Abyss:1)
  3 red devils (Abyss:1)
  3 ancient zymes (Abyss:1)
  3 jumping spiders (shapeshifter)
  4 tengu conjurers
  A queen bee (D:11)
  41 merfolk
  A wind drake (shapeshifter) (Depths:2)
  12 trolls
  Grinder (D:6)
  9 polar bears
  11 hornets
  5 wind drakes
  49 blink frogs
  Prince Ribbit (D:9)
  31 slime creatures
  12 dream sheep
  A dream sheep (shapeshifter) (Elf:1)
  9 hippogriffs
  9 snapping turtles
  2 air elementals
  Sigmund (D:4)
  2 redbacks (Lab)
  A shadow (D:15)
  36 yaks
  19 spriggans
  An ettin skeleton (Depths:2)
  An ice dragon skeleton (Abyss:1)
  19 water elementals
  6 wraiths
  A fire elemental (Elf:2)
  2 ynoxinuls (Abyss:1)
  A human (D:12)
  3 wyverns
  4 basilisks
  A chaos spawn (Abyss:1)
  A golden eye (Abyss:1)
  A basilisk (shapeshifter) (D:13)
  4 neqoxecs (Abyss:1)
  4 hungry ghosts
  Grum (D:8)
  2 steam dragons
  Menkaure (D:6)
  17 vampire mosquitoes
  A warg (Orc:2)
  8 small abominations (Abyss:1)
  71 nagas
  2 acid dragons (D:13)
  16 water moccasins
  A floating eye (Depths:3)
  11 porcupines
  A slave (D:6)
  3 ice beasts
  4 sky beasts
  7 black bears
  32 orc warriors
  16 ogres
  2 phantoms
  2 black bears (shapeshifter)
  An ettin simulacrum (Depths:2)
  An eye of draining (D:15)
  A necrophage (D:12)
  3 boggarts (Lair:6)
  An eye of draining (shapeshifter) (Abyss:1)
  55 wolves
  15 crocodiles
  16 centaurs
  A wyvern zombie (D:10)
  A big kobold (D:7)
  22 bullfrogs
  2 earth elementals
  A wyvern skeleton (D:14)
  9 scorpions
  25 killer bees
  2 electric eels
  7 wights
  6 crimson imps
  2 howler monkeys (D:8)
  A jelly (D:10)
  28 orc wizards
  2 quasits
  7 hounds
  Crazy Yiuf (D:6)
  10 centaur skeletons
  29 orc priests
  A bullfrog skeleton (D:11)
  An iron imp (Depths:3)
  A gnoll shaman (D:6)
  2 iguanas
  11 worker ants
  Natasha (thrice) (D:2)
  2 hound zombies
  3 gnolls (D:6)
  2 howler monkey skeletons
  10 adders
  8 shadow imps
  An adder zombie (D:5)
  5 worms
  3 dart slugs
  7 leopard geckos
  120 orcs
  6 giant cockroaches
  6 goblins
  4 hobgoblins
  18 jackals
  2 quokkas
  8 bats
  6 frilled lizards
  15 kobolds
  A leopard gecko skeleton (D:6)
  7 rats
  2 fungi (Shoals:2)
  135 plants
  2 starspawn tentacles (Abyss:1)
  3 tentacles (Shoals:3)
1849 creatures vanquished.

Vanquished Creatures (others)
  A stone giant (Depths:2)
  A minotaur (Lab)
  2 naga sharpshooters
  A deep elf archer (Elf:3)
  A yaktaur (D:15)
  An orc warrior (Orc:1)
  A jackal skeleton (D:6)
  A bush (D:15)
  31 fungi
  15 plants
  2 starspawn tentacles (Abyss:1)
  5 tentacles
62 creatures vanquished.

Grand Total: 1911 creatures vanquished

Notes
Turn   | Place    | Note
-------+----------+-------------------------------------------
     0 | D:1      | Amnesiac the Mummy Earth Elementalist began the quest for the Orb.
     0 | D:1      | Reached XP level 1. HP: 13/13 MP: 4/4
   455 | D:2      | Found a white marble altar of Elyvilon.
   560 | D:4      | Reached XP level 2. HP: 13/19 MP: 0/6
   608 | D:4      | Learned a level 2 spell: Passwall
   820 | D:5      | Entered Level 5 of the Dungeon
   893 | D:6      | Noticed an ogre
   957 | D:6      | Reached XP level 3. HP: 24/24 MP: 3/7
  1057 | D:4      | Learned a level 3 spell: Stone Arrow
  1135 | D:4      | Found Xykadeq's Distillery.
  1148 | D:4      | Reached XP level 4. HP: 22/30 MP: 0/9
  1208 | D:4      | Learned a level 4 spell: Petrify
  1233 | D:4      | Noticed an ogre
  1287 | D:4      | Noticed an ogre
  1559 | D:4      | Reached XP level 5. HP: 35/35 MP: 7/11
  1962 | D:4      | Killed an ogre
  2020 | D:4      | Killed an ogre
  2020 | D:4      | Reached skill level 5 in Spellcasting
  2020 | D:4      | Reached skill level 5 in Earth Magic
  2020 | D:4      | Reached XP level 6. HP: 27/41 MP: 4/13
  2028 | D:4      | Learned a level 5 spell: Lee's Rapid Deconstruction
  2189 | D:4      | Noticed Sigmund
  2195 | D:4      | Killed Sigmund
  2195 | D:4      | Reached XP level 7. HP: 28/46 MP: 7/15
  2987 | D:5      | Found an iron altar of Okawaru.
  3101 | D:5      | Found a glowing golden altar of the Shining One.
  3582 | D:6      | Noticed Menkaure
  3590 | D:6      | Killed Menkaure
  3590 | D:6      | Reached XP level 8. HP: 52/52 MP: 7/18
  3741 | D:6      | Noticed Grinder
  3748 | D:6      | Paralysed by Grinder for 3 turns
  3756 | D:6      | Killed Grinder
  3905 | D:6      | Found a basalt altar of Yredelemnul.
  3905 | D:6      | Found a deep blue altar of Sif Muna.
  3905 | D:6      | Found a white marble altar of Elyvilon.
  3905 | D:6      | Found a glowing silver altar of Zin.
  3905 | D:6      | Found a burning altar of Makhleb.
  4019 | D:7      | Noticed a troll
  4234 | D:6      | Noticed Pikel
  4285 | D:6      | Killed Pikel
  4454 | D:6      | Found a runed door.
  4495 | D:6      | Noticed Crazy Yiuf
  4497 | D:6      | Killed Crazy Yiuf
  4617 | D:6      | Reached XP level 9. HP: 46/57 MP: 8/21
  5048 | D:6      | Found a deep blue altar of Sif Muna.
  5511 | D:7      | Killed a troll
  5826 | D:7      | Found a staircase to the Ecumenical Temple.
  5835 | Temple   | Entered the Ecumenical Temple
  5996 | Temple   | Became a worshipper of Vehumet
  6865 | D:2      | Noticed Natasha
  6869 | D:2      | Killed Natasha
  7009 | D:2      | Found a faded altar of an unknown god.
  7025 | D:2      | Reached * piety under Vehumet
  7025 | D:2      | Offered knowledge of Sting by Vehumet.
  7213 | D:2      | Noticed Natasha
  7219 | D:2      | Killed Natasha
  7314 | D:2      | Noticed Natasha
  7322 | D:2      | Killed Natasha
  8598 | D:8      | Reached ** piety under Vehumet
  8675 | D:8      | Noticed Grum
  8678 | D:8      | Offered knowledge of Flame Tongue by Vehumet.
  8685 | D:8      | Reached skill level 10 in Spellcasting
  8685 | D:8      | Reached skill level 10 in Earth Magic
  8686 | D:8      | Killed Grum
  8856 | D:8      | Found Jallat's Food Boutique.
  8922 | D:8      | Reached XP level 10. HP: 63/63 MP: 20/24
  9236 | D:8      | Noticed a two-headed ogre
  9239 | D:8      | Killed a two-headed ogre
 10008 | D:9      | Noticed Prince Ribbit
 10017 | D:9      | Killed Prince Ribbit
 10072 | D:9      | Offered knowledge of Conjure Flame by Vehumet.
 10080 | D:9      | Learned a level 3 spell: Conjure Flame
 10155 | D:9      | Found a transporter.
 10161 | D:9      | Found a viscous altar of Jiyva.
 10166 | D:9      | Found a blossoming altar of Fedhas.
 10367 | D:9      | Found a staircase to the Orcish Mines.
 10770 | D:9      | Found a transporter.
 10779 | D:9      | HP: 3/63 [slime creature (10)]
 11618 | D:10     | Identified a paperback manual
 11618 | D:10     | Entered Level 10 of the Dungeon
 11673 | D:10     | Noticed a two-headed ogre
 11683 | D:10     | Killed a two-headed ogre
 11685 | D:10     | Reached *** piety under Vehumet
 11685 | D:10     | Reached XP level 11. HP: 68/68 MP: 6/26
 11772 | D:10     | Noticed a centaur warrior
 11775 | D:10     | Killed a centaur warrior
 11896 | D:10     | Killed an unseen horror
 11970 | D:10     | Offered knowledge of Static Discharge by Vehumet.
 12145 | D:10     | Noticed Maurice
 12148 | D:10     | Killed Maurice
 12247 | D:10     | Noticed a two-headed ogre
 12250 | D:10     | Killed a two-headed ogre
 12398 | D:10     | Got an ancient rapier {flame}
 12399 | D:10     | Identified the cursed +1 rapier of Nemelex Xobeh's Esteem {flame, rPois} (You took it off an orc wizard on level 10 of the Dungeon)
 12633 | D:10     | Got a scorched quarterstaff
 12891 | D:10     | Killed an unseen horror
 13448 | D:11     | Reached **** piety under Vehumet
 13856 | D:11     | Offered knowledge of Bolt of Draining by Vehumet.
 13863 | D:11     | Identified the cursed +2 quarterstaff of Annihilation {flame, rC+ Int+9} (You found it on level 10 of the Dungeon)
 13938 | D:11     | Learned a level 5 spell: Bolt of Draining
 13983 | D:11     | Reached XP level 12. HP: 66/74 MP: 23/29
 14355 | D:11     | Found a staircase to the Lair.
 14656 | D:12     | Reached skill level 1 in Necromancy
 14663 | D:12     | Reached ***** piety under Vehumet
 14663 | D:12     | Offered knowledge of Venom Bolt by Vehumet.
 14810 | D:13     | Reached skill level 1 in Conjurations
 14844 | D:13     | Noticed a catoblepas
 14849 | D:13     | Killed a catoblepas
 15333 | D:13     | Reached skill level 1 in Fighting
 15345 | D:13     | Reached skill level 1 in Evocations
 15353 | D:13     | Noticed a centaur warrior
 15356 | D:13     | Killed a centaur warrior
 15516 | D:13     | Found a gate to the Vaults.
 16248 | D:14     | Noticed a centaur warrior
 16250 | D:14     | Killed a centaur warrior
 16647 | D:14     | Gained mutation: You are in touch with the powers of death. [Mummy growth]
 16647 | D:14     | Reached XP level 13. HP: 88/88 MP: 28/30
 17874 | D:14     | Noticed Snorg
 18073 | D:14     | Noticed Nessos
 18082 | D:14     | Killed Nessos
 18192 | D:14     | Killed Snorg
 18255 | D:14     | Found the +27 Lear's hauberk
 18496 | D:15     | Entered Level 15 of the Dungeon
 18691 | D:15     | Offered knowledge of Freezing Cloud by Vehumet.
 19008 | D:15     | Noticed an ettin
 19010 | D:15     | Killed an ettin
 19194 | D:15     | Noticed Urug
 19210 | D:15     | Killed Urug
 20169 | D:15     | Reached skill level 15 in Earth Magic
 20169 | D:15     | Reached XP level 14. HP: 33/95 MP: 2/32
 20180 | D:15     | Reached skill level 15 in Spellcasting
 20374 | D:15     | Found a staircase to the Depths.
 20979 | Depths:1 | Entered Level 1 of the Depths
 21006 | Depths:1 | Found a gateway to a ziggurat.
 21007 | Depths:1 | Noticed Aizul
 21013 | Depths:1 | Killed Aizul
 21686 | Orc:1    | Entered Level 1 of the Orcish Mines
 22113 | Orc:1    | Offered knowledge of Iron Shot by Vehumet.
 22167 | Orc:1    | Learned a level 6 spell: Iron Shot
 22330 | Orc:2    | Entered Level 2 of the Orcish Mines
 23474 | Orc:2    | Found a roughly hewn altar of Beogh.
 23495 | Orc:2    | Found Loeph's Gadget Shoppe.
 23556 | Orc:2    | Found a staircase to the Elven Halls.
 24214 | Orc:2    | Noticed Saint Roka
 24242 | Orc:2    | Killed Saint Roka
 24499 | Orc:2    | Found a roughly hewn altar of Beogh.
 24499 | Orc:2    | Found Orghevupt's Antique Weapon Boutique.
 24501 | Orc:2    | Found Kauluit's Antique Armour Shop.
 24507 | Orc:2    | Bought a runed cloak for 202 gold pieces
 24596 | Orc:2    | Found a roughly hewn altar of Beogh.
 24664 | Orc:2    | Found a roughly hewn altar of Beogh.
 24680 | Orc:2    | Found Reghuit's Weapon Emporium.
 25235 | Orc:2    | Bought the +3 robe of Folly {Archmagi, MR-- Int+5} for 1458 gold pieces
 25235 | Orc:2    | Found the +3 robe of Folly {Archmagi, MR-- Int+5}
 25398 | Lair:1   | Entered Level 1 of the Lair of Beasts
 25567 | Lair:1   | Learned a level 4 spell: Leda's Liquefaction
 25815 | Lair:1   | Offered knowledge of Bolt of Magma by Vehumet.
 27373 | Lair:2   | Found a staircase to the Snake Pit.
 27501 | Lair:2   | Found a staircase to the Shoals.
 27562 | Lair:2   | Noticed Gastronok
 27826 | Lair:2   | Noticed Sonja
 27828 | Lair:2   | Killed Sonja
 27861 | Lair:2   | Reached XP level 15. HP: 100/100 MP: 31/35
 27894 | Lair:2   | Killed Gastronok
 28334 | Lair:3   | Offered knowledge of Ozocubu's Refrigeration by Vehumet.
 28788 | Lair:3   | Reached ****** piety under Vehumet
 28939 | Lair:3   | Found a runed door.
 28941 | Lair:3   | Noticed DrakeDragon's ghost (journeyman DrCj)
 29267 | Lair:3   | Killed DrakeDragon's ghost
 29273 | Lair:3   | Got a steaming trident {pain}
 29366 | Lair:3   | Identified the +1 trident of Grace {pain, rPois Str+3} (You took it off a spriggan on level 3 of the Lair of Beasts)
 29702 | Lair:4   | Found a runed door.
 29703 | Lair:4   | Noticed Xunt's ghost (journeyman NaWz)
 29730 | Lair:4   | Found a labyrinth entrance.
 29734 | Lab      | Entered a labyrinth
 30066 | Lab      | Got an iridescent great mace {freeze}
 30071 | Lab      | Identified the +5 great mace of Diet Blood {freeze, rN+ Dex+9 SInv} (You found it in a labyrinth)
 30084 | Lab      | Got a pitted trident
 30103 | Lair:4   | Identified the +7 trident of Discretion {protect, +Rage rF+ Int+2 SInv} (You found it in a labyrinth)
 30134 | Lair:4   | Learned a level 2 spell: Blink
 30136 | Lair:4   | Learned a level 1 spell: Apportation
 30141 | Lair:4   | Learned a level 4 spell: Passage of Golubria
 30887 | Lair:4   | Learned a level 9 spell: Shatter
 31047 | Lair:4   | Killed Xunt's ghost
 31982 | Lair:5   | Offered knowledge of Orb of Destruction by Vehumet.
 32363 | Lair:6   | Entered Level 6 of the Lair of Beasts
 33213 | Lair:6   | Reached XP level 16. HP: 106/106 MP: 2/37
 34019 | Lair:6   | Offered knowledge of Bolt of Cold by Vehumet.
 34242 | Lair:6   | Got a wavering bone ring
 34772 | Lair:6   | Found a staircase to the Slime Pits.
 35332 | Slime:1  | Entered Level 1 of the Pits of Slime
 35964 | Lair:6   | Identified the ring of Doubts {+Fly rElec Str+4 Int-3 SInv} (You took it off a boggart on level 6 of the Lair of Beasts)
 36364 | Slime:2  | Noticed an acid blob
 36367 | Slime:2  | Killed an acid blob
 36760 | Snake:1  | Entered Level 1 of the Snake Pit
 38123 | Snake:1  | Got a slimy scale mail
 38423 | Snake:2  | Offered knowledge of Lehudib's Crystal Spear by Vehumet.
 38423 | Snake:2  | Offered knowledge of Tornado by Vehumet.
 38423 | Snake:2  | Offered knowledge of Ignition by Vehumet.
 39835 | Snake:3  | Reached XP level 17. HP: 52/111 MP: 27/40
 40426 | Snake:4  | Entered Level 4 of the Snake Pit
 42200 | Snake:4  | Noticed Vashnia
 42594 | Snake:4  | Killed Vashnia
 43181 | Snake:4  | Identified the cursed +0 scale mail "Ymukafem" {*Contam rC+ MR+ Str+5} (You found it on level 1 of the Snake Pit)
 43656 | Snake:4  | Found Raizikyl's Armour Boutique.
 43848 | Snake:4  | Learned a level 5 spell: Borgnjor's Vile Clutch
 43916 | Snake:4  | Identified a scroll of acquirement {!r}
 43980 | Snake:4  | Reached XP level 18. HP: 69/118 MP: 33/42
 43990 | Snake:4  | Got a serpentine rune of Zot
 44184 | Shoals:1 | Entered Level 1 of the Shoals
 44218 | Shoals:1 | Noticed Josephine
 44381 | Shoals:1 | Killed Josephine
 44975 | Shoals:1 | Got a faintly humming ring mail
 44987 | Shoals:1 | Identified the +0 ring mail of Darkness {rC- MR+ Str-4 Int+7} (You found it on level 1 of the Shoals)
 48086 | Shoals:4 | Entered Level 4 of the Shoals
 48375 | Shoals:4 | Reached XP level 19. HP: 123/123 MP: 0/44
 49317 | Shoals:4 | Got a faintly glowing scale mail
 49514 | Shoals:4 | Got a barnacled rune of Zot
 50005 | Elf:1    | Entered Level 1 of the Elven Halls
 50028 | Elf:1    | Found Helory's Weapon Boutique.
 50526 | Elf:1    | Identified the +2 scale mail "Raocw" {+Inv rC- Stlth+} (You took it off a merfolk javelineer on level 4 of the Shoals)
 50686 | Elf:1    | Found a portal to a secret trove of treasure.
 51002 | Elf:2    | Learned a level 8 spell: Lehudib's Crystal Spear
 51004 | Elf:2    | Learned a level 1 spell: Summon Butterflies
 51020 | Elf:2    | Reached skill level 1 in Shields
 51387 | Elf:2    | Reached skill level 1 in Staves
 52099 | Elf:3    | Entered Level 3 of the Elven Halls
 52187 | Elf:3    | Noticed a Brimstone Fiend
 52342 | Elf:3    | Reached XP level 20. HP: 107/129 MP: 33/46
 53378 | Elf:3    | Got a crystal scythe
 53425 | Elf:3    | Got an encrusted dagger
 53428 | Elf:3    | Identified the cursed +1 dagger of the Snake Pit {freeze, rPois rF- Str+6 SInv} (You found it on level 3 of the Elven Halls)
 53473 | Elf:3    | Got a pitted arbalest
 53511 | Elf:3    | Identified the Reference Book on the Shifting Mountains
 53704 | Elf:3    | Got a faintly glowing flail {crush}
 53705 | Elf:3    | Identified the +1 flail "Pinocran" {crush, rElec rN+ SInv} (You took it off a deep elf demonologist on level 3 of the Elven Halls)
 54010 | Elf:3    | Learned a level 4 spell: Summon Lightning Spire
 54778 | Depths:1 | Reached skill level 5 in Staves
 54884 | Depths:1 | Found a gateway to Hell.
 55258 | Depths:1 | Got a bone trident
 55453 | Depths:1 | Noticed a caustic shrike
 55455 | Depths:1 | Killed a caustic shrike
 55791 | Depths:2 | Identified the cursed +3 trident of Bufeucs {freeze, *Slow +Rage rC+} (You found it on level 1 of the Depths)
 56045 | Depths:2 | Reached XP level 21. HP: 135/135 MP: 39/47
 56313 | Depths:2 | Noticed a greater mummy
 56318 | Depths:2 | Killed a greater mummy
 56470 | Depths:2 | Noticed a greater mummy
 56471 | Depths:2 | Found the +7 sceptre of Torment
 56474 | Depths:2 | Killed a greater mummy
 56597 | Depths:2 | Found Wopniurr's Jewellery Boutique.
 56598 | Depths:2 | Found Juadoat's Gadget Shoppe.
 56598 | Depths:2 | Found Mageumm's Gadget Shoppe.
 56786 | Depths:3 | Noticed Sojobo
 57825 | Depths:3 | Noticed Bai Suzhen
 58228 | Depths:3 | Found a one-way gate leading to the halls of Pandemonium.
 58242 | Depths:3 | Got a transparent helmet
 58243 | Depths:3 | Identified the +0 helmet "Elup Kuraeh" {+Fly rPois Dex+2 Stlth+} (You found it on level 3 of the Depths)
 58262 | Depths:3 | Killed Bai Suzhen
 58390 | Depths:3 | Killed Sojobo
 58431 | Depths:3 | Got a warped arbalest
 58680 | Depths:4 | Noticed Xtahua
 58755 | Depths:3 | Killed Xtahua
 58784 | Depths:4 | Found Qophazib's Book Boutique.
 58810 | Depths:4 | Noticed a juggernaut
 58811 | Depths:4 | Noticed a caustic shrike
 58812 | Depths:4 | Killed a juggernaut
 58813 | Depths:4 | Killed a caustic shrike
 58869 | Depths:4 | HP: 1/135 [quicksilver dragon/bolt of dispelling energy (25)]
 59259 | Depths:4 | Noticed a juggernaut
 59263 | Depths:4 | Reached XP level 22. HP: 133/141 MP: 14/49
 59264 | Depths:4 | Killed a juggernaut
 59501 | Depths:4 | Learned a level 6 spell: Deflect Missiles
 59738 | Depths:4 | Found a one-way gate to the infinite horrors of the Abyss.
 59762 | Depths:4 | Voluntarily entered the Abyss.
 60380 | Abyss:1  | Reached skill level 5 in Evocations
 60606 | Abyss:1  | HP: 3/141 [apocalypse crab (6)]
 60609 | Abyss:1  | Mangled by an apocalypse crab

Vault maps used:
D:1:      dpeg_arrival_stone_temple_mockup
D:2:      chequers_ecumenical_altar_simple, lemuel_statue_altar, uniq_natasha
D:3:      first_ration
D:4:      serial_shops, nicolae_shop_behind_doors, uniq_sigmund
D:5:      tso_oasis_becter, okawaru_altar_gauntlet_db
D:6:      kennysheep_orc_sif_temple, nicolae_overflow_hidden_temple,
          uniq_grinder, uniq_menkaure, uniq_pikel, uniq_crazy_yiuf_cottage
D:7:      minmay_temple_entry_nine_rooms
D:8:      serial_shops, kennysheep_mini_moat, uniq_grum
D:9:      gammafunk_jiyva_shrine, orc_0_dummy, basic_altar, uniq_prince_ribbit1
D:10:     minmay_the_grid_octo_tiled_squarecenter, uniq_maurice
D:11:     grunt_lair_entry_orc_guard_hut
D:12:     hangedman_stone_soup
D:13:     david_vaults_2
D:14:     kennysheep_nondescript, uniq_nessos, uniq_snorg
D:15:     hangedman_depths_entry_civil_slaughter, serial_park_avenue1,
          grunt_decor_mini_mirrors, uniq_urug
Temple:   eino_temple_rhombus
Lair:1:   infiniplex_staircase_pool_2
Lair:2:   shoals_dummy_entry, guppyfry_snake_entry_island, st_stairs_8,
          grunt_forest_large_clearings, uniq_gastronok, uniq_sonja
Lair:3:   ebering_ghost_funeral_grove, grunt_megastairs_2
Lair:4:   ebering_ghost_reflecting_pool, lab_entry_generic, grunt_megastairs_3,
          infiniplex_staircase_pool, lemuel_fruit_tree
Lair:6:   minmay_lair_end_enchanted_forest, minmay_slime_entry_oklob_enclosed,
          grunt_megastairs_5, serial_bayou_shore_a
Shoals:1: uniq_josephine
Shoals:2: cheibrodos_shoals_epimethial_gifts, st_cyclops
Shoals:4: shoals_end_grunt_ice, hangedman_shoals_cup_caves
Snake:1:  corexii_hall_statues_x
Snake:2:  dpeg_oklob_gauntlet
Snake:4:  grunt_snake_rune_spirals, serial_shops, shop, uniq_vashnia
Orc:2:    grunt_orc_community_town_hall, grunt_orc_community_big_house_2,
          grunt_orc_community_big_house_1, grunt_orc_community_house_2,
          grunt_orc_community_house_1, grunt_orc_community_house_1,
          grunt_orc_community_house_2, grunt_orc_community_house_3
Elf:1:    eino_elf_arrival_sip, enter_trove_5, serial_shops, shop,
          hangedman_elf_represent
Elf:3:    minmay_elf_hall_not_hex, minivault_23, grunt_ministairs_12,
          st_stairs_11
Depths:1: enter_ziggurat_d, grunt_metal_band, chequers_big_river, wad_scary_box,
          uniq_aizul
Depths:2: minmay_guarded_unrand_sceptre_of_torment, serial_corexii_hall,
          corexii_hall_statues_u, corexii_hall_statues_x,
          corexii_hall_statues_u, hangedman_abyss_or_decor_lesser_grid,
          hell_entry, minmay_shop_grove, minmay_staircase_windowed_small
Depths:3: hangedman_cross_stitches, nicolae_sextant, grunt_hell_entry_dis_mu,
          pan_entry, hangedman_glass_teeth, minmay_staircase_bubble,
          uniq_bai_suzhen, uniq_sojobo
Depths:4: hangedman_arch_fort, serial_shops, shop, solitary_fountain,
          hell_entry, pan_entry, hangedman_abyss_entry_splay,
          nicolae_island_escapes, firewood_loft, serial_bayou_shore_b,
          uniq_xtahua, uniq_saint_roka
Abyss:1:  hangedman_elemental_corridor
Lab:      labyrinth_green, labyrinth_lava_lair, nicolae_lab_stuck,
          nicolae_lab_diamond, labyrinth_glass_2, nicolae_lab_t_cross,
          nicolae_lab_grate

Skill      XL: |  1  2  3  4  5  6  7  8  9 10 11 12 13 14 15 16 17 18 19 20 21 22 |
---------------+-------------------------------------------------------------------+-----
Spellcasting   | 3 4 5 6 8 10 11 13 14 16 17 19 20 21 22 23 24 | 24.0
Earth Magic    | 3 4 5 6 8 10 11 13 15 16 17 19 20 21 22 23 24 | 24.0
Necromancy     | 4 |  4.0
Conjurations   | 4 |  4.0
Fighting       | 4 |  4.0
Dodging        | 3 4 |  4.0
Evocations     | 3 4 5 |  5.5
Stealth        | 3 4 |  4.0
Shields        | 4 |  4.0
Staves         | 2 5 8 9 |  9.4
Transmutations | |  0.7

Action                   |  1- 3 |  4- 6 |  7- 9 | 10-12 | 13-15 | 16-18 | 19-21 | 22-24 || total
-------------------------+-------+-------+-------+-------+-------+-------+-------+-------++-------
Melee: Short sword       |    15 |       |       |       |       |       |       |       ||    15
       Unarmed           |     3 |       |       |       |       |       |       |       ||     3
       Trident           |     8 |     4 |   236 |       |       |       |       |       ||   248
       Dagger            |       |       |    18 |    14 |       |       |       |       ||    32
       Quarterstaff      |       |       |       |   107 |   117 |    59 |     3 |       ||   286
       Staff             |       |       |       |       |       |       |    43 |    69 ||   112
 Fire: Blowgun           |       |       |       |       |     1 |       |       |       ||     1
 Cast: Sandblast         |    32 |    47 |    75 |   141 |    44 |     3 |       |       ||   342
       Stone Arrow       |       |     1 |    73 |     3 |    12 |       |       |       ||    89
       Lee's Rapid Decon |       |       |    26 |   169 |   139 |    20 |    42 |     6 ||   402
       Passwall          |       |       |     1 |     1 |    17 |     1 |     7 |     6 ||    33
       Petrify           |       |       |     1 |    12 |     8 |       |       |       ||    21
       Bolt of Draining  |       |       |       |       |   457 |   329 |       |       ||   786
       Iron Shot         |       |       |       |       |    17 |    21 |    89 |     4 ||   131
       Leda's Liquefacti |       |       |       |       |     1 |       |       |       ||     1
       Blink             |       |       |       |       |     2 |     2 |       |       ||     4
       Shatter           |       |       |       |       |       |   162 |   166 |    23 ||   351
       Lehudib's Crystal |       |       |       |       |       |       |     2 |    54 ||    56
       Deflect Missiles  |       |       |       |       |       |       |       |     1 ||     1
Evoke: Wand              |       |       |       |       |    14 |     5 |     8 |     8 ||    35
       Staff of energy   |       |       |       |       |       |     5 |       |    93 ||    98
       Lightning rod     |       |       |       |       |       |     4 |       |       ||     4
       Phial of floods   |       |       |       |       |       |       |     1 |     1 ||     2
  Use: Scroll            |     3 |     1 |    11 |     6 |    14 |     7 |    19 |     4 ||    65
 Stab: Sleeping          |     1 |       |     5 |       |       |       |       |       ||     6
       Petrified         |       |       |     9 |    17 |       |       |       |       ||    26
Armor: Robe              |     8 |     1 |    30 |    49 |    79 |    69 |    40 |    52 ||   328
       Leather armour    |       |       |     1 |       |       |       |       |       ||     1
Dodge: Dodged            |    24 |    28 |   252 |   197 |   273 |   185 |   107 |   173 ||  1239
       Deflected         |       |       |       |       |       |       |       |     5 ||     5
Block: Other             |     4 |     7 |    68 |    44 |    77 |    76 |     5 |       ||   281
       Reflection        |     1 |       |     8 |     3 |     8 |    21 |    15 |     7 ||    63
       Buckler           |       |       |       |       |       |       |    82 |    62 ||   144

Table legend:
 A = Spawn XP
 B = Non-spawn XP
 C = Spawn XP percentage of total XP
 D = Spawn monster count
 E = Non-spawn monster count
 F = Spawn count percentage of total count
 G = Total turns spent on level
                    A         B        C        D         E        F      G
               +---------+---------+-------+---------+---------+-------+---------
         Total |   19197 |  752227 |   2.5 |      38 |    1675 |   2.2 | 60609
               +---------+---------+-------+---------+---------+-------+---------
           D:1 |       0 |      28 |   0.0 |       0 |      15 |   0.0 |   979
           D:2 |       0 |     130 |   0.0 |       0 |      13 |   0.0 |   696
           D:3 |       0 |     128 |   0.0 |       0 |      35 |   0.0 |   930
           D:4 |       0 |     962 |   0.0 |       0 |      25 |   0.0 |  1844
           D:5 |       0 |     149 |   0.0 |       0 |      10 |   0.0 |   918
           D:6 |       0 |    2159 |   0.0 |       0 |      34 |   0.0 |  2146
           D:7 |       0 |     807 |   0.0 |       0 |      20 |   0.0 |   858
           D:8 |       0 |    2897 |   0.0 |       0 |      33 |   0.0 |  1397
           D:9 |       0 |    2575 |   0.0 |       0 |      21 |   0.0 |  1899
          D:10 |       0 |    9292 |   0.0 |       0 |      47 |   0.0 |  1923
          D:11 |       0 |    3811 |   0.0 |       0 |      45 |   0.0 |  1038
          D:12 |       0 |    1601 |   0.0 |       0 |      36 |   0.0 |   783
          D:13 |       0 |   10901 |   0.0 |       0 |      54 |   0.0 |  1601
          D:14 |       0 |   13028 |   0.0 |       0 |      52 |   0.0 |  2827
          D:15 |       0 |   21953 |   0.0 |       0 |      59 |   0.0 |  1650
        Lair:1 |       0 |    3588 |   0.0 |       0 |      21 |   0.0 |  1583
        Lair:2 |       0 |   11353 |   0.0 |       0 |      50 |   0.0 |  1789
        Lair:3 |       0 |   12287 |   0.0 |       0 |      45 |   0.0 |  1528
        Lair:4 |       0 |   10377 |   0.0 |       0 |      40 |   0.0 |  1278
        Lair:5 |       0 |   14460 |   0.0 |       0 |      34 |   0.0 |  1543
        Lair:6 |       0 |   29289 |   0.0 |       0 |      99 |   0.0 |  3721
      Shoals:1 |       0 |    8629 |   0.0 |       0 |      21 |   0.0 |  1406
      Shoals:2 |       0 |   22300 |   0.0 |       0 |      39 |   0.0 |  1471
      Shoals:3 |       0 |   30848 |   0.0 |       0 |      55 |   0.0 |  1556
      Shoals:4 |       0 |   40850 |   0.0 |       0 |      72 |   0.0 |  1047
       Snake:1 |       0 |   11035 |   0.0 |       0 |      20 |   0.0 |  1195
       Snake:2 |       0 |   12022 |   0.0 |       0 |      26 |   0.0 |   996
       Snake:3 |       0 |   15590 |   0.0 |       0 |      29 |   0.0 |  1963
       Snake:4 |       0 |   76451 |   0.0 |       0 |     124 |   0.0 |  2796
       Slime:1 |       0 |    3250 |   0.0 |       0 |       9 |   0.0 |   252
       Slime:2 |       0 |    2677 |   0.0 |       0 |       1 |   0.0 |     5
         Orc:1 |       0 |    1678 |   0.0 |       0 |      18 |   0.0 |   728
         Orc:2 |       0 |   12858 |   0.0 |       0 |      99 |   0.0 |  2880
         Elf:1 |       0 |   27783 |   0.0 |       0 |      42 |   0.0 |   927
         Elf:2 |       0 |   42419 |   0.0 |       0 |      61 |   0.0 |  1299
         Elf:3 |       0 |   67038 |   0.0 |       0 |      55 |   0.0 |  1927
      Depths:1 |       0 |   36212 |   0.0 |       0 |      40 |   0.0 |  1793
      Depths:2 |       0 |   38355 |   0.0 |       0 |      42 |   0.0 |  1411
      Depths:3 |       0 |   63277 |   0.0 |       0 |      53 |   0.0 |  1665
      Depths:4 |       0 |   67324 |   0.0 |       0 |      50 |   0.0 |   981
       Abyss:1 |   19197 |   18217 |  51.3 |      38 |      28 |  57.6 |   847
           Lab |       0 |    1639 |   0.0 |       0 |       3 |   0.0 |   353
               +---------+---------+-------+---------+---------+-------+---------
